AoeStats
← BearJew Birrell

MegaRandom

510689569Analyzed
2v2 RM · 1d ago on Oct 2, 2026· 40m 56s· 4 players
Game mode
Random Map
Map size
Medium (4 player)
Population
200
Speed
Normal
Resources
Standard
Victory
Conquest
Starting age
Dark Age
Ending age
Imperial Age
RankedLock teamsTeams togetherTeam positionsShared explorationLock speedFull tech treeHidden civsTurbo modeCheats
Victory
Defeat
🇺🇸 Lithuanians · United States
1126
+14
🇺🇸 Danes · United States
1060
+17
🇨🇦 Italians · Canada
1110
-16
🇺🇸 Spanish · United States
1066
-15
BearJew Birrell
0:32 Loom
11:41 Feudal Age
14:24 Double-Bit Axe
20:06 Castle Age
21:13 Gold Mining
21:42 Bow Saw
23:18 Fletching
23:29 Padded Archer Armor
24:59 Bodkin Arrow
26:57 Ballistics
31:21 Leather Archer Armor
36:45 Wheelbarrow
37:21 Town Watch
dieXunderXoath
7:38 Loom
12:51 Feudal Age
13:41 Double-Bit Axe
19:49 Castle Age
21:07 Bloodlines
33:47 Husbandry
43:20 Imperial Age
RespectTheRussell
6:38 Loom
9:46 Feudal Age
10:44 Double-Bit Axe
12:02 Town Watch
19:03 Castle Age
16:49 Horse Collar
18:06 Wheelbarrow
17:41 Scale Barding Armor
18:43 Gold Mining
20:27 Bloodlines
20:43 Heavy Plow
27:13 Husbandry
31:04 Chain Barding Armor
30:55 Forging
34:16 Wheelbarrow
33:32 Town Watch
37:09 Imperial Age
35:45 Fletching
35:56 Padded Archer Armor
37:24 Stone Mining
37:48 Bow Saw
38:29 Plate Barding Armor
37:36 Cavalier
41:16 Iron Casting
shealey.und14
8:27 Loom
10:37 Feudal Age
15:42 Castle Age
15:00 Double-Bit Axe
17:10 Bow Saw
18:16 Scale Mail Armor
25:02 Forging
26:02 Chain Mail Armor
30:42 Iron Casting
31:51 Ballistics
37:47 Imperial Age
36:08 Horse Collar
39:06 Onager
Connection lost

Rejoining the realm…

Still unreachable

The connection could not be restored.

Session expired

The server has moved on; the page needs a fresh start.